 Dungeon Crawl Stone Soup version 0.23-a0-171-g5ae17c6e89 (webtiles) character file.

88 Holzbalken the Cudgeler (level 4, -1/33 HPs)
             Began as a Demonspawn Gladiator on Sept 14, 2018.
             Slain by Grinder (6 damage)
             ... on level 3 of the Dungeon.
             The game lasted 00:06:43 (1777 turns).

Holzbalken the Cudgeler (Demonspawn Gladiator)      Turns: 1777, Time: 00:06:44

Health: -1/33      AC:  4    Str: 16    XL:     4   Next: 29%
Magic:  4/4        EV: 12    Int:  9    God:
Gold:   80         SH:  0    Dex: 14    Spells: 3/3 levels left

rFire    . . .     SeeInvis .   a - +0 flail
rCold    . . .     Gourm    .   (no shield)
rNeg     . . .     Faith    .   b - +0 leather armour
rPois    .         Spirit   .   (helmet restricted)
rElec    .         Reflect  .   (no cloak)
rCorr    .         Harm     .   (no gloves)
MR       .....                  k - +0 pair of boots
Stlth    +.........             (no amulet)
HPRegen  0.11/turn              (no ring)
MPRegen  0.09/turn              (no ring)

@: lethally poisoned (-1 -> -5)
A: horns 1, demonic guardian 1
a: no special abilities


You were on level 3 of the Dungeon.
You were not hungry.

You visited 1 branch of the dungeon, and saw 3 of its levels.

You collected 80 gold pieces.

Inventory:

Hand Weapons
 a - a +0 flail (weapon)
Missiles
 d - 3 throwing nets (quivered)
Armour
 b - a +0 leather armour (worn)
 c - a +0 helmet
 k - a +0 pair of boots (worn)
Scrolls
 g - a scroll of immolation {unknown}
 i - 4 scrolls of fear {unknown}
 l - 3 scrolls of teleportation {unknown}
 m - a scroll of identify {unknown}
 o - a scroll of remove curse {unknown}
Potions
 e - a potion of brilliance {unknown}
 j - a potion of ambrosia {unknown}
 n - a potion of mutation {unknown}
Comestibles
 f - 4 rations
 h - 2 chunks of flesh


   Skills:
 - Level 2.0 Fighting
 + Level 4.7 Maces & Flails
 - Level 1.7 Throwing
 - Level 2.6 Dodging


You had 3 spell levels left.
You didn't know any spells.
Your spell library was empty.

Dungeon Overview and Level Annotations

Branches:
Dungeon (3/15)

Altars:

Annotations:
D:3 Grinder


Innate Abilities, Weirdness & Mutations

You have a pair of small horns on your head.
A weak demonic guardian rushes to your aid.


Message History

Your quasit disappears in a puff of smoke!
Your quasit bites Grinder but does no damage.
Your quasit misses Grinder. x2; Grinder blinks!
You feel sick. Grinder says, "Are you a fish?"
Grinder blinks!
You closely miss Grinder.
Grinder is moderately wounded.
Your quasit disappears in a puff of smoke!
Grinder gestures at you. Pain shoots through your body!
You sock Grinder!
Grinder is heavily wounded.
You feel sick. Grinder barely misses you.
Your iron imp hits Grinder.
You barely miss Grinder.
Grinder is severely wounded.
Grinder hits you.
* * * LOW HITPOINT WARNING * * *
You writhe in agony.
You die...

#.# ##### .
...##...#### ..
..........
#.#.##.§..##
<...#...@..###
.......55#...##
#.####...(..#$...
.......>††.......
......>.†........
#.######.#######
#†### #.. #...#
#.# ###.# #.#


You could see Grinder and a friendly iron imp.

Vanquished Creatures
  A worker ant (D:3)
  An adder skeleton (D:2)
  2 worms (D:2)
  2 dart slugs (D:2)
  2 leopard geckos
  7 bats
  3 giant cockroaches
  3 goblins
  9 hobgoblins
  2 jackals (D:1)
  A quokka (D:2)
  A ball python (D:1)
  2 frilled lizards
  3 kobolds (D:2)
  6 rats
45 creatures vanquished.

Vanquished Creatures (collateral kills)
  An adder (D:3)
  A worm (D:3)
  A leopard gecko (D:3)
3 creatures vanquished.

Grand Total: 48 creatures vanquished

Notes
Turn   | Place    | Note
-------+----------+-------------------------------------------
     0 | D:1      | Holzbalken the Demonspawn Gladiator began the quest for the
                  | Orb.
     0 | D:1      | Reached XP level 1. HP: 16/16 MP: 1/1
   197 | D:1      | Reached skill level 3 in Maces & Flails
   371 | D:1      | Gained mutation: You have a pair of small horns on your
                  | head. [demonic ancestry]
   371 | D:1      | Reached XP level 2. HP: 17/22 MP: 2/2
   968 | D:2      | Gained mutation: A weak demonic guardian rushes to your
                  | aid. [demonic ancestry]
   968 | D:2      | Reached XP level 3. HP: 21/27 MP: 3/3
  1199 | D:2      | Reached skill level 4 in Maces & Flails
  1760 | D:3      | Noticed Grinder
  1765 | D:3      | Reached XP level 4. HP: 27/33 MP: 4/4
  1777 | D:3      | Slain by Grinder

Vault maps used:
D:1:      evilmike_arrival_crescent
D:2:      minmay_wonky_spiral
D:3:      uniq_grinder

Skill      XL: |  1  2  3 |
---------------+----------+-----
Maces & Flails | 3 4 |  4.7
Fighting       | |  2.0
Throwing       | |  1.7
Dodging        | |  2.6

Action                   |  1- 3 |  4- 6 || total
-------------------------+-------+-------++-------
Melee: Flail             |   103 |    10 ||   113
       Headbutt          |    14 |     2 ||    16
 Stab: Sleeping          |     1 |       ||     1
  Eat: Chunk             |     3 |       ||     3
Armor: Leather armour    |    32 |       ||    32
Dodge: Dodged            |   102 |    10 ||   112

Table legend:
 A = Non-vault XP
 B = Vault XP
 C = Vault XP percentage of total XP
 D = Non-vault monster count
 E = Vault monster count
 F = Vault count percentage of total count
                 A         B        C        D         E       F
            +---------+---------+-------+---------+---------+-------
      Total |     118 |       8 |   6.3 |      45 |       3 |   6.2
            +---------+---------+-------+---------+---------+-------
        D:1 |      38 |       0 |   0.0 |      23 |       0 |   0.0
        D:2 |      35 |       8 |  18.6 |      15 |       3 |  16.7
        D:3 |      45 |       0 |   0.0 |       7 |       0 |   0.0
            +---------+---------+-------+---------+---------+-------
